 Dungeon Crawl Stone Soup version 0.26-a0-540-g8a0c9464d7 (webtiles) character file.

Game seed: 5599426574681365827

136 gruber the Poker (level 5, -1/32 HPs)
             Began as a Tengu Fighter on Aug 16, 2020.
             Slain by a gnoll sergeant
             ... wielding a +0 trident
              (4 damage)
             ... on level 3 of the Dungeon.
             The game lasted 00:02:57 (2264 turns).

gruber the Poker (Tengu Fighter)                    Turns: 2264, Time: 00:02:58

Health: -1/32      AC:  6    Str: 16    XL:     5   Next: 19%
Magic:  6/6        EV:  6    Int:  9    God:
Gold:   121        SH: 15    Dex: 14    Spells: 4/4 levels left

rFire    . . .     SeeInvis .   a - +0 trident
rCold    . . .     Faith    .   c - +1 kite shield
rNeg     . . .     Spirit   .   b - +0 scale mail
rPois    .         Reflect  +   (helmet restricted)
rElec    .         Harm     .   (no cloak)
rCorr    .                      (no gloves)
MR       .....                  (boots unavailable)
Stlth    ..........             o - amulet of reflection
HPRegen  0.10/turn              (no ring)
MPRegen  0.10/turn              (no ring)

@: no status effects
A: beak, talons 3, able to fly
a: Fly


You were on level 3 of the Dungeon.
You visited 1 branch of the dungeon, and saw 3 of its levels.

You collected 121 gold pieces.

Inventory:

Hand Weapons
 a - a +0 trident (weapon)
Armour
 b - a +0 scale mail (worn)
 c - a +1 kite shield (worn)
 n - a +0 pair of boots
Jewellery
 o - an amulet of reflection (around neck)
Scrolls
 e - a scroll of teleportation
 i - a scroll of enchant armour
 k - a scroll of magic mapping {unknown}
 l - a scroll of random uselessness
 p - 2 scrolls of identify
Potions
 d - a potion of might
 f - 4 potions of curing
 g - 2 potions of resistance {unknown}
 h - 3 potions of brilliance {unknown}


   Skills:
 - Level 3.0 Fighting
 + Level 5.7 Polearms
 - Level 3.2 Armour
 - Level 3.0 Shields


You had 4 spell levels left.
You didn't know any spells.
Your spell library was empty.

Dungeon Overview and Level Annotations

Branches:
Dungeon (3/15)

Altars:


Innate Abilities, Weirdness & Mutations

You have a beak for a mouth.
You have claws for feet.
You can fly continuously.


Message History

Aim: a gnoll sergeant, wielding a +0 trident, wearing a +0 scale mail and wearing a +0 kite shield (almost dead)
You reach to attack!
You hit the gnoll sergeant but do no damage.
The gnoll sergeant is almost dead.
The gnoll sergeant barely misses you.
Unknown command.
Attack whom?
Press: ? - help, Dir - move target cursor, f/p - gnoll sergeant
Aim: a gnoll sergeant, wielding a +0 trident, wearing a +0 scale mail and wearing a +0 kite shield (almost dead)
You reach to attack!
You barely miss the gnoll sergeant.
The gnoll sergeant is almost dead.
You block the gnoll sergeant's attack.
Attack whom?
Press: ? - help, Dir - move target cursor, f/p - gnoll sergeant
Aim: a gnoll sergeant, wielding a +0 trident, wearing a +0 scale mail and wearing a +0 kite shield (almost dead)
You reach to attack!
You hit the gnoll sergeant but do no damage.
The gnoll sergeant is almost dead.
The gnoll sergeant hits you from afar with a +0 trident.
You die...

.... +.... ... .#.# .# ... ...#
.# ... #..# .(## ... ..# .(..(
#.# ..##(.... #.# #..(..... #.#
## #.)g..... ##.####.
###############@# #? #.......
##........##.....###.#+###.####..
.'.)...................gK..o..o.>
##....###.##.####.##.#.########.#
#....###....## .# #.# #....g..
####..).....)# .. ..# ##...
#########)# ..###g# #<.g. #.# ...
g.# #.... #.# .#.g# #....


You could see a gnoll sergeant.

Vanquished Creatures
  4 gnolls
  2 adders (D:2)
  2 leopard geckos (D:2)
  7 orcs (D:3)
  A ball python (D:1)
  4 giant cockroaches
  5 goblins
  9 hobgoblins
  10 jackals
  5 bats
  2 frilled lizards
  8 kobolds
  7 rats
66 creatures vanquished.

Notes
Turn   | Place    | Note
-------+----------+-------------------------------------------
     0 | D:1      | gruber the Tengu Fighter began the quest for the Orb.
     0 | D:1      | Reached XP level 1. HP: 14/14 MP: 2/2
    80 | D:1      | Reached skill level 3 in Polearms
    80 | D:1      | Reached XP level 2. HP: 18/19 MP: 3/3
   619 | D:1      | Reached XP level 3. HP: 23/23 MP: 4/4
   752 | D:1      | Reached skill level 4 in Polearms
  1231 | D:2      | Reached XP level 4. HP: 10/28 MP: 5/5
  1723 | D:3      | Noticed a gnoll sergeant
  1772 | D:2      | Reached skill level 5 in Polearms
  2052 | D:3      | Gained mutation: You can fly continuously. [Tengu growth]
  2052 | D:3      | Reached XP level 5. HP: 19/32 MP: 6/6
  2251 | D:3      | HP: 1/32 [gnoll sergeant/+0 trident (8)]
  2264 | D:3      | Slain by a gnoll sergeant

Illustrated notes

Levels and vault maps discovered:
D:1:      zaba_arrival_water, layout_basic, minmay_pentomino_x4
D:2:      layout_rooms
D:3:      layout_basic, grunt_temple_overflow_open

Skill      XL: |  1  2  3  4 |
---------------+-------------+-----
Polearms       | 3 4 5 |  5.7
Fighting       | |  3.0
Armour         | |  3.2
Shields        | |  3.0

Action                   |  1- 3 |  4- 6 || total
-------------------------+-------+-------++-------
Melee: Trident           |    87 |   105 ||   192
       Peck              |     7 |     4 ||    11
       Kick              |    19 |    18 ||    37
Throw: Dart              |       |     6 ||     6
  Use: Scroll            |     6 |       ||     6
 Stab: Invisible         |       |     2 ||     2
Armor: Scale mail        |    22 |    13 ||    35
Dodge: Dodged            |    11 |     9 ||    20
Block: Kite shield       |    34 |    50 ||    84

Table legend: (Time is in decaauts)
 A = Elapsed time spent in this place.
 B = Non-inter-level travel time spent in this place.
 C = Inter-level travel time spent in this place.
 D = Time resting spent in this place.
 E = Time spent auto-exploring this place.
 F = Levels seen in this place.
 G = Mean time per level.
                   A        B        C        D        E       F      G
               +--------+--------+--------+--------+--------+-----+--------+
         Total |   2300 |   2205 |     95 |     80 |   1679 |   3 |  766.7 |
       Dungeon |   2300 |   2205 |     95 |     80 |   1679 |   3 |  766.7 |
               +--------+--------+--------+--------+--------+-----+--------+

Top non-repeatable levels by time:
     D:2: 902 daAuts
     D:1: 882 daAuts
     D:3: 515 daAuts
